 Dungeon Crawl Stone Soup version 0.31-a0-870-g10ed682358 (webtiles) character file.

Game seed: 6526555891647856150

309 BinkBink the Chopper (level 6, -1/56 HPs)
             Began as a Minotaur Monk on Oct 12, 2023.
             Slain by Pikel
             ... wielding a +1 whip of flaming
              (3 damage)
             ... on level 4 of the Dungeon.
             The game lasted 00:05:33 (2943 turns).

BinkBink the Chopper (Minotaur Monk)                Turns: 2943, Time: 00:05:34

Health: -1/56      AC:  5    Str: 16    XL:     6   Next: 17%
Magic:  5/5        EV: 10    Int:  6    God:
Gold:   49         SH: 12    Dex: 17    Spells: 5/5 levels left

rFire   . . .        a - +1 hand axe
rCold   . . .        x - +0 tower shield
rNeg    . . .        b - +0 robe
rPois   .            (helmet restricted)
rElec   .            (no cloak)
rCorr   .            s - +0 pair of gloves
SInv    +            (no boots)
Will    .....        (no amulet)
Stlth   ++           o - ring of see invisible
HPRegen 0.29/turn    (no ring)
MPRegen 0.09/turn

%: no passive effects
@: no status effects
A: horns 2, retaliatory headbutt, iridescent scales 1, agile 1
a: no special abilities


You were on level 4 of the Dungeon.
You visited 1 branch of the dungeon, and saw 4 of its levels.
You also visited: Sewer.

You collected 115 gold pieces.
You spent 66 gold pieces at shops.

Inventory:

Hand Weapons
 a - a +1 hand axe (weapon)
Armour
 b - a +0 robe (worn)
 d - an orb of light
 s - a +0 pair of gloves (worn)
 x - a +0 tower shield (worn)
Jewellery
 o - a ring of see invisible (left hand)
Wands
 p - a wand of flame (14)
Scrolls
 h - 2 scrolls of fog {unknown}
 l - a scroll of poison {unknown}
 m - a scroll of blinking {unknown}
 n - 5 scrolls of identify {unknown}
 t - 2 scrolls of enchant armour {unknown}
 u - 2 scrolls of summoning {unknown}
 v - a scroll of noise {unknown}
 y - a scroll of immolation {unknown}
Potions
 f - a potion of curing
 i - a potion of haste {unknown}
 k - a potion of mutation
 r - 2 potions of heal wounds {unknown}
 w - a potion of brilliance {unknown}
 z - 2 potions of degeneration {unknown}


   Skills:
 + Level 5.1 Fighting
 * Level 6.5 Axes
 + Level 4.7 Dodging
 + Level 0.3 Shields


You had 5 spell levels left.
You didn't know any spells.
Your spell library contained the following spells:

 Spells                   Type           Power      Damage    Failure   Level
 Gell's Gravitas          Tloc           0%         N/A       100%        3
 Teleport Other           Tloc           0%         N/A       100%        3
 Dispersal                Tloc           0%         N/A       100%        6


Dungeon Overview and Level Annotations

Branches:
Dungeon (4/15)              Sewer (visited)
 Temple: D:4-7

Altars:

Shops:
D:2 *

Annotations:
D:4 Pikel


Innate Abilities, Weirdness & Mutations

You have a pair of horns on your head.
You reflexively headbutt those who attack you in melee.
You are partially covered in iridescent scales. (AC +2)
You are agile. (Dex +4, Str/Int -1)


Message History

Pikel hits you with a +1 whip of flaming.
* * * LOW HITPOINT WARNING * * *
Pikel burns you.
* * * LOW HITPOINT WARNING * * *
The lemure misses you. Pikel closely misses you.
As you read the scroll labelled DOCIHA ENIYTYE, it crumbles to dust.
You feel strangely unstable.
It was a scroll of teleportation.
Pikel hits you with a +1 whip of flaming!
* * * LOW HITPOINT WARNING * * *
Pikel burns you.
* * * LOW HITPOINT WARNING * * *
You feel better. You block the lemure's attack. Pikel closely misses you.
You are confused.
You feel invigorated.
Your surroundings seem slightly different.
The lemure hits you.
* * * LOW HITPOINT WARNING * * *
The lemure hits you.
* * * LOW HITPOINT WARNING * * *
The lemure attacks as it pursues you! The lemure hits you!
* * * LOW HITPOINT WARNING * * *
The lemure barely misses you.
You feel less invigorated.
You feel less confused. Pikel attacks as he pursues you!
Pikel barely misses you. The lemure hits you.
* * * LOW HITPOINT WARNING * * *
It was a potion of magic.
Magic courses through your body.
Pikel hits you with a +1 whip of flaming.
* * * LOW HITPOINT WARNING * * *
Pikel burns you.
* * * LOW HITPOINT WARNING * * *
The lemure hits you.
* * * LOW HITPOINT WARNING * * *
You block the lemure's attack.
It was a potion of mutation.
You feel extremely strange.
You feel agile.
Iridescent scales grow over part of your body.
Pikel hits you with a +1 whip of flaming.
You die...
Pikel says, "See you in Hell!"

..#.##.#.####.##
#..............#
#.###....####..#
.###..........######
#.........####.......
#.####.....##########
#.####..........#
#....5....#.....#
+...@K....####..# # ..
#....5....# #.)# # 5..
#.........# ##)##### .5####
#.........# #)##... ###....
#.........#####.##...
.......
####.........##.#..## #.5..
#.........##....##
#....#####.........##>.#.##
#.....#.........#####.##


You could see Pikel and 2 lemures.

Vanquished Creatures
  2 lemures (D:4)
  Natasha (thrice) (D:2)
  3 orc wizards (D:4)
  A hell rat (Sewer)
  3 gnolls (D:4)
  3 adders
  A river rat (Sewer)
  2 worms (D:3)
  A dart slug (D:1)
  2 orcs (D:4)
  7 ball pythons
  9 endoplasms
  2 giant cockroaches
  5 goblins
  6 hobgoblins
  4 quokkas
  4 bats
  2 frilled lizards
  2 kobolds
  8 rats
70 creatures vanquished.

Notes
Turn   | Place    | Note
-------+----------+-------------------------------------------
     0 | D:1      | BinkBink the Minotaur Monk began the quest for the Orb.
     0 | D:1      | Reached XP level 1. HP: 19/19 MP: 0/0
   148 | D:1      | Reached skill level 4 in Axes
   148 | D:1      | Reached XP level 2. HP: 19/27 MP: 1/1
   462 | D:2      | Reached XP level 3. HP: 20/33 MP: 2/2
   518 | D:2      | Noticed Natasha
   527 | D:2      | Killed Natasha
   663 | D:2      | Reached XP level 4. HP: 31/40 MP: 3/3
   681 | D:2      | Noticed Natasha
   689 | D:2      | Killed Natasha
   690 | D:2      | Reached skill level 5 in Axes
   697 | D:2      | Noticed Natasha
   980 | D:2      | Killed Natasha
  1188 | D:2      | Found Cuisaim's Assorted Antiques.
  1191 | D:2      | Bought a scroll labelled YRPHOQ VEOTSENU for 33 gold pieces
  1191 | D:2      | Bought a scroll labelled RAPTUS VACWOXZEMP for 33 gold
                  | pieces
  1319 | D:3      | Found a glowing drain.
  1335 | D:3      | Reached XP level 5. HP: 21/47 MP: 4/4
  1431 | Sewer    | Entered a sewer
  1694 | D:3      | Identified the +1 dagger of Watchfulness {flame, *Corrode
                  | rElec rF+ SInv}
  2113 | D:4      | Reached skill level 6 in Axes
  2127 | D:4      | Reached skill level 5 in Fighting
  2243 | D:4      | Reached XP level 6. HP: 55/56 MP: 5/5
  2925 | D:4      | Noticed Pikel
  2935 | D:4      | HP: 2/56 [Pikel/+1 whip of flaming (2)]
  2942 | D:4      | HP: 2/56 [lemure[Pikel] (6)]
  2943 | D:4      | Gained mutation: You are agile. (Dex +4, Str/Int -1)
                  | [potion of mutation]
  2943 | D:4      | Gained mutation: You are partially covered in iridescent
                  | scales. (AC +2) [potion of mutation]
  2943 | D:4      | Slain by Pikel

Illustrated notes

Levels and vault maps discovered:
D:1:      spicycebolla_green_bress_n_ham, layout_rooms
D:2:      layout_rooms, serial_shops, nicolae_shop_behind_doors, uniq_natasha
D:3:      layout_rooms, portal_sewer_entry_a
D:4:      layout_basic, dreamdust_princess_corridor, uniq_pikel

Skill      XL: |  1  2  3  4  5 |
---------------+----------------+-----
Axes           | 4 5 6 |  6.5
Fighting       | 4 5 |  5.1
Dodging        | 4 |  4.7
Shields        | |  0.3

Action                     |  1- 3 |  4- 6 || total
---------------------------+-------+-------++-------
  Melee: Hand axe          |    51 |   135 ||   186
         Headbutt          |     6 |    20 ||    26
    Use: Potion            |       |     5 ||     5
         Scroll            |       |     3 ||     3
 Armour: Robe              |    23 |    75 ||    98
  Dodge: Dodged            |    36 |    59 ||    95
  Block: Tower shield      |       |    27 ||    27

Table legend: (Time is in decaauts)
 A = Elapsed time spent in this place.
 B = Non-inter-level travel time spent in this place.
 C = Inter-level travel time spent in this place.
 D = Time resting spent in this place.
 E = Time spent auto-exploring this place.
 F = Levels seen in this place.
 G = Mean time per level.
                   A        B        C        D        E       F      G
               +--------+--------+--------+--------+--------+-----+--------+
         Total |   2990 |   2902 |     88 |    698 |   1644 |   5 |  598.0 |
       Dungeon |   2765 |   2677 |     88 |    589 |   1602 |   4 |  691.2 |
         Sewer |    224 |    224 |      0 |    109 |     41 |   1 |  224.0 |
               +--------+--------+--------+--------+--------+-----+--------+

Top non-repeatable levels by time:
     D:4: 792 daAuts
     D:2: 669 daAuts
     D:3: 660 daAuts
     D:1: 642 daAuts
   Sewer: 224 daAuts
